 Dungeon Crawl Stone Soup version 0.27-a0-1200-g94dc6ad4cf (webtiles) character file.

Game seed: 15567580035530263122

2048 Analysis the Spear-Bearer (level 9, -1/74 HPs)
             Began as a Merfolk Gladiator on May 30, 2021.
             Was an Initiate of Makhleb.
             Slain by a hornet zombie (3 damage)
             ... on level 7 of the Dungeon.
             The game lasted 00:33:04 (7215 turns).

Analysis the Spear-Bearer (Merfolk Gladiator)       Turns: 7215, Time: 00:33:05

Health: -1/74      AC:  6    Str: 15    XL:     9   Next: 25%
Magic:  9/9        EV: 13    Int:  7    God:    Makhleb [......]
Gold:   1          SH:  0    Dex: 18    Spells: 8/8 levels left

rFire    + . .     SeeInvis .   s - +0 halberd
rCold    + . .     Faith    .   (shield currently unavailable)
rNeg     . . .     Spirit   .   p - +1 leather armour {Will+}
rPois    .         Reflect  .   c - +0 helmet
rElec    .         Harm     .   (no cloak)
rCorr    +         Rampage  .   (no gloves)
Will     +....                  u - +0 pair of boots of Nucs {rCorr}
Stlth    +.........             (no amulet)
HPRegen  0.22/turn              a - ring of protection from fire
MPRegen  0.11/turn              o - ring of protection from cold

@: no status effects
A: (nimble swimmer 2), mertail
a: Renounce Religion


You were on level 7 of the Dungeon.
You worshipped Makhleb.
Makhleb was noncommittal.
You visited 2 branches of the dungeon, and saw 8 of its levels.

You collected 267 gold pieces.
You spent 266 gold pieces at shops.

Inventory:

Hand Weapons
 s - a +0 halberd (weapon)
Missiles
 d - 4 throwing nets (quivered)
 k - 3 curare-tipped darts
Armour
 c - a +0 helmet (worn)
 p - a +1 leather armour of willpower (worn)
 u - the +0 pair of boots of Nucs (worn) {rCorr}
   (You bought it in a shop on level 7 of the Dungeon)

   It protects you from acid and corrosion.
Jewellery
 a - a ring of protection from fire (left hand)
 o - a ring of protection from cold (right hand)
Wands
 j - a wand of flame (5)
 n - a wand of iceblast (5)
Scrolls
 e - a scroll of amnesia {unknown}
 f - 3 scrolls of teleportation {unknown}
 g - a scroll of acquirement {unknown}
 i - a scroll of fear {unknown}
 m - a scroll of immolation {unknown}
Potions
 b - a potion of ambrosia
 h - a potion of lignification
 l - a potion of attraction {unknown}
 r - a potion of invisibility
 t - 2 potions of mutation


   Skills:
 + Level 7.8 Fighting
 * Level 13.8 Polearms
 - Level 2.0 Throwing
 - Level 4.0 Dodging


You had 8 spell levels left.
You didn't know any spells.
Your spell library was empty.

Dungeon Overview and Level Annotations

Branches:
Dungeon (7/15)             Temple (1/1) D:6

Altars:
Ashenzari
Cheibriados
Dithmenos
Elyvilon
Gozag
Hepliaklqana
Kikubaaqudgha
Makhleb
Nemelex Xobeh
Qazlal
Ru
Sif Muna
Trog
Uskayaw
Vehumet
Wu Jian
Yredelemnul
The Shining One

Shops:
D:7 ([


Innate Abilities, Weirdness & Mutations

((You are quick and stealthy near water. (Stealth+, EV+, Speed+++)))
Your lower body shifts to a powerful aquatic tail in water.


Message History

You closely miss the kobold. The kobold hits you but does no damage.
You puncture the kobold!
You kill the kobold!
Makhleb accepts your kill.
You slash the kobold!
You kill the kobold!
Makhleb accepts your kill.
You start resting.
A hornet zombie comes into view.
Items here: ! ((( ))))))) / †.
Things that are here:
a +0 short sword; a lumpy inky potion; a scroll of identify You hit the hornet zombie but do no damage.
The hornet zombie barely misses you.
You puncture the hornet zombie!
The hornet zombie is lightly damaged.
The hornet zombie hits you.
* * * LOW HITPOINT WARNING * * *
You hit the hornet zombie.
The hornet zombie is lightly damaged.
The hornet zombie hits you.
* * * LOW HITPOINT WARNING * * *
You barely miss the hornet zombie.
The hornet zombie is lightly damaged.
The hornet zombie hits you!
* * * LOW HITPOINT WARNING * * *
You slash the hornet zombie!
The hornet zombie is heavily damaged.
The hornet zombie barely misses you.
You barely miss the hornet zombie.
The hornet zombie is heavily damaged.
The hornet zombie barely misses you.
You slash the hornet zombie!
The hornet zombie is severely damaged.
The hornet zombie hits you.
* * * LOW HITPOINT WARNING * * *
You closely miss the hornet zombie.
The hornet zombie is severely damaged.
The hornet zombie hits you.
You die...

.### .. .. #... #
..# .##########.#.
#. #.#
.##...........
.#.##.##.####
.##.#######.#.
#.....∩.....# .##.#
#...
#........).##.##.#
###.
#.....##....)..##.#
#. K...K
####Z#####.# #<
....
#@......#########.
#..
#.................
#.
##################
#


You could see a hornet zombie.

Vanquished Creatures
  A wraith (D:6)
  2 water moccasins
  An orc warrior (D:7)
  Duvessa (D:4)
  A black bear (D:6)
  An ogre (D:6)
  A centaur (D:7)
  A phantom (D:4)
  A kobold brigand (D:7)
  2 bullfrogs (D:7)
  Dowan (D:4)
  2 scorpions
  2 howler monkeys
  2 bullfrog zombies (D:6)
  2 jellies
  3 hounds
  2 orc priests
  A bullfrog skeleton (D:6)
  An iguana (D:5)
  5 orc wizards
  Ijyb (D:3)
  Natasha (thrice) (D:2)
  A hound skeleton (D:5)
  A gnoll (D:1)
  A howler monkey skeleton (D:7)
  3 adders
  A white imp (D:6)
  2 adder skeletons (D:5)
  3 dart slugs
  13 orcs
  5 endoplasms
  2 giant cockroaches
  3 goblins
  3 hobgoblins
  3 jackals (D:3)
  14 kobolds
  2 quokkas (D:1)
  7 ball pythons
  2 bats
  2 frilled lizards
  5 rats
110 creatures vanquished.

Vanquished Creatures (others)
  A fungus (D:1)
  5 plants (D:1)
6 creatures vanquished.

Grand Total: 116 creatures vanquished

Notes
Turn   | Place    | Note
-------+----------+-------------------------------------------
     0 | D:1      | Analysis the Merfolk Gladiator began the quest for the Orb.
     0 | D:1      | Reached XP level 1. HP: 16/16 MP: 1/1
   297 | D:1      | Reached XP level 2. HP: 23/23 MP: 2/2
   315 | D:1      | Reached skill level 5 in Polearms
   434 | D:1      | Reached XP level 3. HP: 28/28 MP: 3/3
   730 | D:1      | Found a faded altar of an unknown god.
  1202 | D:2      | Reached skill level 6 in Polearms
  1358 | D:2      | Noticed Natasha
  1364 | D:2      | Killed Natasha
  1365 | D:2      | Reached XP level 4. HP: 35/35 MP: 4/4
  1446 | D:2      | Noticed Natasha
  1452 | D:2      | Killed Natasha
  1617 | D:2      | Noticed Natasha
  1626 | D:2      | Killed Natasha
  1627 | D:2      | Reached skill level 7 in Polearms
  1627 | D:2      | Reached XP level 5. HP: 25/41 MP: 5/5
  2022 | D:3      | Noticed Ijyb
  2042 | D:3      | Killed Ijyb
  2547 | D:4      | Noticed Dowan
  2556 | D:4      | Noticed Duvessa
  2646 | D:4      | Killed Duvessa
  2647 | D:4      | Reached skill level 8 in Polearms
  2647 | D:4      | Reached XP level 6. HP: 49/49 MP: 6/6
  2661 | D:4      | Killed Dowan
  3064 | D:4      | Identified the +0 leather armour of the Dropbear {rCorr
                  | Str+2 Int-3}
  3132 | D:4      | Reached skill level 9 in Polearms
  3806 | D:5      | Entered Level 5 of the Dungeon
  3834 | D:4      | Reached skill level 5 in Fighting
  3834 | D:4      | Reached XP level 7. HP: 33/56 MP: 7/7
  4079 | D:5      | Reached skill level 10 in Polearms
  4974 | D:6      | Reached skill level 11 in Polearms
  4974 | D:6      | Reached XP level 8. HP: 64/64 MP: 8/8
  5627 | D:6      | Noticed a wraith
  5653 | D:6      | Killed a wraith
  5654 | D:6      | Reached skill level 12 in Polearms
  6272 | D:6      | Found a staircase to the Ecumenical Temple.
  6281 | Temple   | Entered the Ecumenical Temple
  6290 | Temple   | Became a worshipper of Makhleb the Destroyer
  6652 | D:7      | Reached skill level 13 in Polearms
  6652 | D:7      | Reached XP level 9. HP: 58/72 MP: 9/9
  7084 | D:7      | Found Derchiu's Antique Armour Boutique.
  7091 | D:7      | Bought a pair of faintly humming boots for 266 gold pieces
  7091 | D:7      | Identified the +0 pair of boots of Nucs {rCorr} (You bought
                  | it in a shop on level 7 of the Dungeon)
  7133 | D:7      | Noticed a komodo dragon
  7161 | D:7      | Found Areck's Antique Weapon Shoppe.
  7214 | D:7      | HP: 2/74 [hornet zombie (6)]
  7215 | D:7      | Slain by a hornet zombie

Illustrated notes

Levels and vault maps discovered:
D:1:      onia_arrival_handbag, layout_basic,
          shapermc_ecumenical_altar_mp_urbaneastern
D:2:      layout_loops_ring, feat_on_display, uniq_natasha
D:3:      layout_loops_ring, uniq_ijyb
D:4:      layout_gridville, serial_glass, glass_columns_a, glass_columns_b,
          grunt_ministairs_9, uniq_duvessa
D:5:      layout_loops_ring
D:6:      black_bear_nest_1, layout_basic, minmay_temple_entry_glass
D:7:      layout_loops_ring, serial_shops, kennysheep_mini_moat, shop, shop
Temple:   compressed_dpeg_circular_temple

Skill      XL: |  1  2  3  4  5  6  7  8 |
---------------+-------------------------+-----
Polearms       | 5 6 7 8 9 11 13 | 13.8
Fighting       | 3 4 5 7 |  7.8
Throwing       | |  2.0
Dodging        | |  4.0

Action                   |  1- 3 |  4- 6 |  7- 9 || total
-------------------------+-------+-------+-------++-------
Melee: Trident           |    87 |    79 |       ||   166
       Halberd           |       |    42 |   226 ||   268
Evoke: Wand              |       |     6 |     3 ||     9
  Use: Scroll            |       |     3 |     3 ||     6
       Potion            |       |     1 |     4 ||     5
 Stab: Sleeping          |       |       |     1 ||     1
       Distracted        |       |       |     1 ||     1
Armor: Leather armour    |     7 |     9 |    40 ||    56
       Ring mail         |     8 |    14 |       ||    22
Dodge: Dodged            |    39 |    51 |   102 ||   192

Table legend: (Time is in decaauts)
 A = Elapsed time spent in this place.
 B = Non-inter-level travel time spent in this place.
 C = Inter-level travel time spent in this place.
 D = Time resting spent in this place.
 E = Time spent auto-exploring this place.
 F = Levels seen in this place.
 G = Mean time per level.
                   A        B        C        D        E       F      G
               +--------+--------+--------+--------+--------+-----+--------+
         Total |   7229 |   7042 |    187 |   2188 |   3742 |   8 |  903.6 |
       Dungeon |   7147 |   6960 |    187 |   2188 |   3677 |   7 | 1021.0 |
        Temple |     81 |     81 |      0 |      0 |     65 |   1 |   81.0 |
               +--------+--------+--------+--------+--------+-----+--------+

Top non-repeatable levels by time:
     D:6: 1579 daAuts
     D:4: 1252 daAuts
     D:5: 1120 daAuts
     D:1: 918 daAuts
     D:2: 896 daAuts
     D:3: 765 daAuts
     D:7: 614 daAuts
  Temple: 81 daAuts
